 Dungeon Crawl Stone Soup version 0.29.0-4-gdea44cf6ec (webtiles) character file.

Game seed: 8494266415515359707

5774 qw the Grappler (level 10, -8/93 HPs)
             Began as a Troll Cinder Acolyte on Sept 1, 2022.
             Was a Believer of Ignis.
             Mangled by a komodo dragon (14 damage)
             ... on level 1 of the Lair of Beasts.
             The game lasted 00:04:10 (6969 turns).

qw the Grappler (Troll Cinder Acolyte)              Turns: 6969, Time: 00:04:11

Health: -8/93      AC: 15    Str: 28    XL:     10   Next: 49%
Magic:  10/10      EV:  8    Int: 10    God:    Ignis [**....]
Gold:   535        SH:  9    Dex:  5    Spells: 11/11 levels left

rFire   + . .      SeeInvis .     - Unarmed
rCold   . . .      Faith    .   h - +0 kite shield
rNeg    + + .      Spirit   .   b - +0 acid dragon scales
rPois   .          Reflect  .   (helmet restricted)
rElec   .          Harm     .   (no cloak)
rCorr   +          Rampage  .   (gloves unavailable)
Will    .....                   (boots unavailable)
Stlth   ..........              (no amulet)
HPRegen 1.05/turn               q - ring of positive energy
MPRegen 0.12/turn               e - ring of positive energy

@: lethally poisoned (-8 -> -14), fiery-armoured
A: large, unfitting armour, claws 3, regeneration 1, shaggy fur 1, tough skin 1
a: Renounce Religion, Fiery Armour, Foxfire Swarm, Rising Flame


You were on level 1 of the Lair of Beasts.
You worshipped Ignis.
Ignis was pleased with you.
You visited 2 branches of the dungeon, and saw 9 of its levels.

You collected 535 gold pieces.


Innate Abilities, Weirdness & Mutations

You are too large for most types of armour.
You have claws for hands.
Your natural rate of healing is unusually fast.
You are covered in fur. (AC +1)
You have tough skin. (AC +1)


   Skills:
 - Level 4.2 Fighting
 - Level 3.4 Throwing
 - Level 1.0 Armour
 - Level 1.1 Dodging
 - Level 9.1 Shields
 + Level 11.0 Unarmed Combat
 - Level 1.0 Spellcasting
 - Level 2.1 Fire Magic


You had 11 spell levels left.
You didn't know any spells.
Your spell library contained the following spells:

 Spells                   Type           Power      Damage    Failure   Level
 Scorch                   Fire           8%         2d5       45%         2

Inventory:

Missiles
 f - a javelin (quivered)
Armour
 b - +0 acid dragon scales (worn)
 h - a +0 kite shield (worn)
Jewellery
 d - a ring of ice
 e - a ring of positive energy (right claw)
 q - a ring of positive energy (left claw)
Scrolls
 l - a scroll of identify
 n - 5 scrolls of enchant weapon
Potions
 a - a potion of haste
 c - 3 potions of curing
 g - 3 potions of might
 i - a potion of mutation {unknown}
 j - 3 potions of resistance
 k - a potion of magic {unknown}
 m - a potion of invisibility {unknown}
 o - a potion of lignification {unknown}

Dungeon Overview and Level Annotations

Branches:
Dungeon (8/15)             Temple (0/1) D:5            Lair (1/5) D:8

Altars:
Ashenzari
Cheibriados
Gozag
Okawaru
Sif Muna
Wu Jian
Xom
Yredelemnul
Zin

Annotations:
D:6 1 runed translucent door
Lair:1 Urug


Message History

The komodo dragon barely misses you.
The black mamba bites you but does no damage.
The black mamba is burned by your cloak of flames.
The black mamba is lightly wounded.
You claw the black mamba!
The black mamba is moderately wounded.
You feel sick. You block the black mamba's attack.
You block the komodo dragon's attack.
You closely miss the black mamba.
The black mamba is moderately wounded.
You feel sick. The black mamba bites you!
You are more poisoned.
The black mamba poisons you!
The black mamba is burned by your cloak of flames.
The black mamba is heavily wounded.
The black mamba bites you but does no damage.
The black mamba is burned by your cloak of flames.
The black mamba is severely wounded.
The komodo dragon bites you!
You barely miss the black mamba.
The black mamba is severely wounded.
The sentinel's mark upon you fades away.
You feel very sick. The black mamba bites you.
The black mamba is burned by your cloak of flames.
The black mamba is severely wounded.
You claw the black mamba!
You kill the black mamba!
You feel very sick. The komodo dragon barely misses you.
Your Throwing skill increases to level 3!
6968 ||| Stepping ~*~*~tactically~*~*~ (outnumbered).
The komodo dragon attacks as you move away!
The komodo dragon barely misses you.
You feel very sick.
You mangle the komodo dragon!!
The komodo dragon is heavily wounded.
You feel very sick. The komodo dragon bites you!
You die...

.. # .# #..#. .##
......### #######..#
#P....@#####...##...#
#####..lo.###......#
#.##l...##....## ##
####...(....##
###.(.....##
###......# ###..#.#
##.# ##.# #


You could see Urug and 2 komodo dragons.

Vanquished Creatures
  A black mamba (Lair:1)
  Maggie (D:7)
  A cane toad (Lair:1)
  A komodo dragon (Lair:1)
  Sigmund (D:3)
  4 yaks (D:8)
  2 water moccasins
  A hornet zombie (D:6)
  An ice beast (D:5)
  6 black bears
  2 ogres
  3 wolves (Lair:1)
  A centaur (D:8)
  A phantom (D:7)
  2 kobold brigands (D:8)
  4 bullfrogs
  2 gnoll sergeants
  3 scorpions
  2 wights (D:8)
  A water moccasin zombie (D:6)
  4 killer bees
  4 howler monkeys
  5 jellies
  5 bullfrog zombies (D:6)
  6 orc priests
  3 hounds
  A gnoll bouda (D:8)
  5 iguanas
  4 orc wizards
  12 gnolls
  6 adders
  2 shadow imps
  2 white imps (D:5)
  An ufetubus (D:6)
  3 worms
  2 dart slugs
  16 orcs
  7 endoplasms
  3 giant cockroaches (D:1)
  9 goblins
  10 hobgoblins
  9 jackals
  6 kobolds
  2 quokkas (D:1)
  8 ball pythons
  6 bats
  8 rats
189 creatures vanquished.

Vanquished Creatures (others)
  A fungus (Lair:1)
  A plant (Lair:1)
2 creatures vanquished.

Grand Total: 191 creatures vanquished

Notes
Turn   | Place    | Note
-------+----------+-------------------------------------------
     0 | D:1      | qw the Troll Cinder Acolyte began the quest for the Orb.
     0 | D:1      | Reached XP level 1. HP: 22/22 MP: 1/1
     0 | D:1      | 0 ||| qw: Version: 0.1-a-97-g2dd2ca4
     0 | D:1      | 0 ||| qw: Game counter: 4779
     0 | D:1      | 0 ||| qw: Always use a shield: true
     0 | D:1      | 0 ||| qw: God list: Okawaru
     0 | D:1      | 0 ||| qw: Allow faded altars: false
     0 | D:1      | 0 ||| qw: Do Orc after D:15 true
     0 | D:1      | 0 ||| qw: Do second Lair branch before Depths: true
     0 | D:1      | 0 ||| qw: Lair rune preference: random
     0 | D:1      | 0 ||| qw: Plans: Normal
     0 | D:1      | 0 ||| PLANNING D:1-11
    67 | D:1      | Reached XP level 2. HP: 29/29 MP: 2/2
    73 | D:1      | 73 ||| Stepping ~*~*~tactically~*~*~ (stealth).
    83 | D:1      | 83 ||| Stepping ~*~*~tactically~*~*~ (hiding).
   194 | D:1      | 194 ||| Stepping ~*~*~tactically~*~*~ (stealth).
   219 | D:1      | 219 ||| Stepping ~*~*~tactically~*~*~ (outnumbered).
   220 | D:1      | 220 ||| Stepping ~*~*~tactically~*~*~ (outnumbered).
   221 | D:1      | 221 ||| Stepping ~*~*~tactically~*~*~ (outnumbered).
   224 | D:1      | 224 ||| Stepping ~*~*~tactically~*~*~ (outnumbered).
   226 | D:1      | Reached skill level 4 in Unarmed Combat
   340 | D:1      | Reached XP level 3. HP: 36/36 MP: 3/3
   411 | D:1      | Found a faded altar of an unknown god.
   567 | D:1      | 567 ||| READING scroll labelled XACUDU DEMIRURAN.
   568 | D:1      | 568 ||| DRINKING 3 amethyst potions.
   569 | D:1      | 569 ||| DRINKING 4 smoky purple potions.
   570 | D:1      | 570 ||| DROPPING 3 potions of brilliance.
   786 | D:2      | 786 ||| Stepping ~*~*~tactically~*~*~ (stealth).
   935 | D:2      | Reached skill level 5 in Unarmed Combat
   935 | D:2      | Reached XP level 4. HP: 29/44 MP: 4/4
  1243 | D:2      | 1243 ||| READING scroll labelled UMITYWE NIERI.
  1244 | D:2      | 1244 ||| READING scroll labelled EVEFFU GAOTRUS.
  1245 | D:2      | 1245 ||| READING scroll labelled FIJOFFOURE.
  1246 | D:2      | 1246 ||| READING scroll labelled FAECUO IF LAO.
  1250 | D:2      | 1250 ||| READING scroll labelled BOUNOZE UROA.
  1580 | D:3      | 1580 ||| Stepping ~*~*~tactically~*~*~ (hiding).
  1583 | D:3      | 1583 ||| Stepping ~*~*~tactically~*~*~ (hiding).
  1589 | D:3      | 1589 ||| INVOKING Fiery Armour.
  1595 | D:3      | Reached XP level 5. HP: 48/50 MP: 5/5
  1619 | D:3      | Noticed Sigmund
  1622 | D:3      | 1622 ||| DRINKING 2 potions of curing.
  1622 | D:3      | 1622 ||| (to cure confusion)
  1623 | D:3      | Killed Sigmund
  1624 | D:3      | Reached skill level 7 in Unarmed Combat
  1624 | D:3      | Reached XP level 6. HP: 59/59 MP: 6/6
  1755 | D:3      | 1755 ||| Stepping ~*~*~tactically~*~*~ (stealth).
  1757 | D:3      | 1757 ||| Stepping ~*~*~tactically~*~*~ (stealth).
  2101 | D:3      | 2101 ||| UPGRADING to +0 kite shield.
  2106 | D:3      | 2106 ||| READING 3 scrolls labelled MUTTALLOAG.
  2107 | D:3      | 2107 ||| DRINKING 2 orange potions.
  2174 | D:4      | Reached skill level 1 in Shields
  2294 | D:4      | Found Soaroth's Serpentskin Sales.
  2294 | D:4      | Noticed a water moccasin
  2296 | D:4      | Killed a water moccasin
  2297 | D:4      | Reached XP level 7. HP: 66/66 MP: 7/7
  2382 | D:4      | Found a glowing silver altar of Zin.
  2384 | D:4      | Found a snail-covered altar of Cheibriados.
  2387 | D:4      | Reached skill level 3 in Shields
  2520 | D:4      | Found an opulent altar of Gozag.
  2693 | D:4      | 2693 ||| Stepping ~*~*~tactically~*~*~ (stealth).
  2706 | D:4      | Found a shimmering altar of Xom.
  2889 | D:4      | 2889 ||| READING scroll labelled DIOKIFIETO.
  2890 | D:4      | 2890 ||| DRINKING 2 ruby potions.
  2903 | D:5      | Entered Level 5 of the Dungeon
  2919 | D:5      | 2919 ||| Stepping ~*~*~tactically~*~*~ (hiding).
  2920 | D:5      | 2920 ||| Stepping ~*~*~tactically~*~*~ (hiding).
  2921 | D:5      | 2921 ||| Stepping ~*~*~tactically~*~*~ (hiding).
  3037 | D:5      | 3037 ||| INVOKING Fiery Armour.
  3040 | D:5      | HP: 16/66 [gnoll/+0 spear[a gnoll sergeant] (5)]
  3041 | D:5      | 3041 ||| READING scroll of teleportation.
  3145 | D:5      | 3145 ||| INVOKING Fiery Armour.
  3161 | D:5      | 3161 ||| Stepping ~*~*~tactically~*~*~ (stealth).
  3206 | D:5      | 3206 ||| Stepping ~*~*~tactically~*~*~ (stealth).
  3208 | D:5      | 3208 ||| Stepping ~*~*~tactically~*~*~ (hiding).
  3211 | D:5      | 3211 ||| Stepping ~*~*~tactically~*~*~ (hiding).
  3212 | D:5      | 3212 ||| Stepping ~*~*~tactically~*~*~ (hiding).
  3217 | D:5      | 3217 ||| Stepping ~*~*~tactically~*~*~ (outnumbered).
  3218 | D:5      | 3218 ||| Stepping ~*~*~tactically~*~*~ (outnumbered).
  3219 | D:5      | 3219 ||| Stepping ~*~*~tactically~*~*~ (outnumbered).
  3232 | D:5      | 3232 ||| DRINKING 4 potions of curing.
  3232 | D:5      | 3232 ||| (to cure confusion)
  3237 | D:5      | Reached XP level 8. HP: 74/74 MP: 8/8
  3276 | D:5      | Reached skill level 6 in Shields
  3372 | D:5      | 3372 ||| Stepping ~*~*~tactically~*~*~ (stealth).
  3421 | D:5      | Found a staircase to the Ecumenical Temple.
  3531 | D:5      | Reached skill level 8 in Unarmed Combat
  3698 | D:5      | 3698 ||| Stepping ~*~*~tactically~*~*~ (hiding).
  3707 | D:5      | Reached skill level 3 in Fighting
  4046 | D:5      | 4046 ||| Stepping ~*~*~tactically~*~*~ (hiding).
  4136 | D:5      | 4136 ||| Stepping ~*~*~tactically~*~*~ (hiding).
  4283 | D:5      | 4283 ||| UPGRADING to ring of positive energy.
  4284 | D:5      | 4284 ||| READING scroll labelled TOJUCHEYZYNK.
  4285 | D:5      | 4285 ||| READING scroll labelled MAAHIBOROE.
  4286 | D:5      | 4286 ||| READING 2 scrolls of identify.
  4286 | D:5      | 4286 ||| IDENTIFYING viscous sapphire potion
  4287 | D:5      | 4287 ||| DROPPING potion of degeneration.
  4335 | D:6      | Found a runed translucent door.
  4337 | D:6      | 4337 ||| STAIRDANCE
  4482 | D:6      | Reached skill level 9 in Unarmed Combat
  4580 | D:6      | Found a basalt altar of Yredelemnul.
  4618 | D:6      | Reached XP level 9. HP: 73/81 MP: 9/9
  4636 | D:6      | 4636 ||| INVOKING Fiery Armour.
  4639 | D:6      | Reached skill level 1 in Dodging
  5029 | D:6      | 5029 ||| READING 3 scrolls of identify.
  5029 | D:6      | 5029 ||| IDENTIFYING cyan potion
  5030 | D:6      | 5030 ||| READING 2 scrolls of identify.
  5030 | D:6      | 5030 ||| IDENTIFYING black potion
  5031 | D:6      | 5031 ||| DROPPING potion of attraction.
  5070 | D:7      | 5070 ||| Stepping ~*~*~tactically~*~*~ (stealth).
  5071 | D:7      | 5071 ||| Stepping ~*~*~tactically~*~*~ (stealth).
  5082 | D:7      | 5082 ||| Stepping ~*~*~tactically~*~*~ (outnumbered).
  5123 | D:7      | 5123 ||| Stepping ~*~*~tactically~*~*~ (stealth).
  5220 | D:7      | 5220 ||| Stepping ~*~*~tactically~*~*~ (stealth).
  5225 | D:7      | Reached skill level 1 in Throwing
  5229 | D:7      | Noticed Maggie
  5241 | D:7      | 5241 ||| INVOKING Fiery Armour.
  5241 | D:7      | HP: 20/81 [Maggie/+0 halberd (9)]
  5242 | D:7      | 5242 ||| READING scroll of teleportation.
  5243 | D:7      | 5243 ||| DRINKING potion of heal wounds.
  5317 | D:7      | 5317 ||| Stepping ~*~*~tactically~*~*~ (hiding).
  5319 | D:7      | 5319 ||| Stepping ~*~*~tactically~*~*~ (hiding).
  5326 | D:7      | Killed Maggie
  5327 | D:7      | Reached skill level 10 in Unarmed Combat
  5450 | D:7      | 5450 ||| FLEEEEING.
  5451 | D:7      | 5451 ||| FLEEEEING.
  5452 | D:7      | 5452 ||| FLEEEEING.
  5453 | D:7      | 5453 ||| FLEEEEING.
  5454 | D:7      | 5454 ||| FLEEEEING.
  5455 | D:7      | 5455 ||| FLEEEEING.
  5456 | D:7      | 5456 ||| FLEEEEING.
  5459 | D:7      | 5459 ||| STAIRDANCE
  5570 | D:6      | 5570 ||| UPGRADING to +0 acid dragon scales.
  5580 | D:6      | 5580 ||| DROPPING +0 robe.
  5581 | D:6      | 5581 ||| DRINKING 2 blue potions.
  5582 | D:6      | 5582 ||| DROPPING potion of flight.
  5594 | D:7      | 5594 ||| STAIRDANCE
  5632 | D:7      | Reached skill level 1 in Armour
  5632 | D:7      | 5632 ||| STAIRDANCE
  5793 | D:7      | Found a flagged portal.
  5867 | D:8      | 5867 ||| Stepping ~*~*~tactically~*~*~ (hiding).
  5868 | D:8      | 5868 ||| Stepping ~*~*~tactically~*~*~ (hiding).
  6055 | D:8      | Found an iron altar of Okawaru.
  6067 | D:8      | 6067 ||| Stepping ~*~*~tactically~*~*~ (hiding).
  6068 | D:8      | 6068 ||| Stepping ~*~*~tactically~*~*~ (hiding).
  6168 | D:8      | 6168 ||| Stepping ~*~*~tactically~*~*~ (stealth).
  6170 | D:8      | 6170 ||| Stepping ~*~*~tactically~*~*~ (hiding).
  6179 | D:8      | 6179 ||| FLEEEEING.
  6180 | D:8      | 6180 ||| Stepping ~*~*~tactically~*~*~ (hiding).
  6181 | D:8      | 6181 ||| Stepping ~*~*~tactically~*~*~ (hiding).
  6186 | D:8      | 6186 ||| Stepping ~*~*~tactically~*~*~ (outnumbered).
  6194 | D:8      | 6194 ||| INVOKING Fiery Armour.
  6202 | D:8      | 6202 ||| Stepping ~*~*~tactically~*~*~ (outnumbered).
  6209 | D:8      | 6209 ||| Stepping ~*~*~tactically~*~*~ (outnumbered).
  6227 | D:8      | HP: 19/84 [orc priest/divine providence (16)]
  6228 | D:8      | 6228 ||| READING scroll of teleportation.
  6230 | D:8      | 6230 ||| FLEEEEING.
  6231 | D:8      | 6231 ||| FLEEEEING.
  6232 | D:8      | 6232 ||| FLEEEEING.
  6233 | D:8      | 6233 ||| FLEEEEING.
  6255 | D:8      | Reached XP level 10. HP: 49/93 MP: 10/10
  6325 | D:8      | 6325 ||| Stepping ~*~*~tactically~*~*~ (hiding).
  6326 | D:8      | 6326 ||| Stepping ~*~*~tactically~*~*~ (hiding).
  6328 | D:8      | 6328 ||| Stepping ~*~*~tactically~*~*~ (hiding).
  6380 | D:8      | Found a shimmering blue altar of Sif Muna.
  6382 | D:8      | 6382 ||| Stepping ~*~*~tactically~*~*~ (stealth).
  6395 | D:8      | 6395 ||| Stepping ~*~*~tactically~*~*~ (outnumbered).
  6396 | D:8      | 6396 ||| Stepping ~*~*~tactically~*~*~ (outnumbered).
  6398 | D:8      | 6398 ||| Stepping ~*~*~tactically~*~*~ (outnumbered).
  6399 | D:8      | 6399 ||| Stepping ~*~*~tactically~*~*~ (outnumbered).
  6401 | D:8      | 6401 ||| Stepping ~*~*~tactically~*~*~ (outnumbered).
  6404 | D:8      | 6404 ||| Stepping ~*~*~tactically~*~*~ (outnumbered).
  6405 | D:8      | 6405 ||| Stepping ~*~*~tactically~*~*~ (outnumbered).
  6414 | D:8      | Reached skill level 11 in Unarmed Combat
  6496 | D:8      | 6496 ||| INVOKING Fiery Armour.
  6663 | D:8      | Found a staircase to the Lair.
  6703 | D:8      | Found an ornate altar of the Wu Jian Council.
  6706 | D:8      | Found a broken altar of Ashenzari.
  6814 | D:8      | 6814 ||| PLANNING LAIR
  6814 | D:8      | 6814 ||| UPGRADING to ring of positive energy.
  6815 | D:8      | 6815 ||| READING 2 scrolls of identify.
  6815 | D:8      | 6815 ||| IDENTIFYING coppery potion
  6858 | Lair:1   | Entered Level 1 of the Lair of Beasts
  6953 | Lair:1   | Noticed a cane toad
  6955 | Lair:1   | Noticed a black mamba
  6956 | Lair:1   | 6956 ||| INVOKING Fiery Armour.
  6956 | Lair:1   | Noticed Urug
  6962 | Lair:1   | Killed a cane toad
  6963 | Lair:1   | Reached skill level 9 in Shields
  6966 | Lair:1   | HP: 19/93 [poisoned by a black mamba]
  6967 | Lair:1   | Killed a black mamba
  6968 | Lair:1   | Reached skill level 3 in Throwing
  6968 | Lair:1   | 6968 ||| Stepping ~*~*~tactically~*~*~ (outnumbered).
  6968 | Lair:1   | HP: 9/93 [poisoned by a black mamba]
  6969 | Lair:1   | Mangled by a komodo dragon

Levels and vault maps discovered:
D:1:      dpeg_arrival_ternary, layout_rooms,
          hellmonk_ecumenical_altar_leap_of_faith, minmay_tromino_v7
D:2:      layout_loops_cross, minmay_bisected
D:3:      layout_loops_corners, uniq_sigmund
D:4:      layout_loops_ring, mainiacjoe_overflow_24_doors, grunt_gozag_statues,
          jmf_multi_god_temple, guppyfry_shop_venom
D:5:      layout_layer_cave, minmay_temple_entry_statues_pillars,
          grunt_ministairs_9
D:6:      layout_rooms, nicolae_yredelemnul_corpse_copse,
          ebering_dispersal_statue_hall, lightli_church_of_beogh
D:7:      layout_rooms, enter_bailey_6, serial_glass, glass_columns_a,
          glass_columns_b, item_on_display_a, feat_on_display,
          minmay_strange_pillars, item_on_display_a, uniq_maggie
D:8:      layout_loops_ring, gammafunk_temple_overflow_statue, okawaru_trees_1,
          lair_entry_dummy, minmay_ruined_shrine
Lair:1:   layout_cave_pods, lemuel_fruit_fields, uniq_urug

Skill      XL: |  1  2  3  4  5  6  7  8  9 10 |
---------------+-------------------------------+-----
Unarmed Combat | 4 5 7 9 10 11 | 11.0
Shields        | 2 5 7 8 9 |  9.1
Fighting       | 3 4 |  4.2
Dodging        | 1 |  1.1
Throwing       | 2 3 |  3.4
Armour         | 1 |  1.0
Spellcasting   | |  1.0
Fire Magic     | |  2.1

Action                   |  1- 3 |  4- 6 |  7- 9 | 10-12 || total
-------------------------+-------+-------+-------+-------++-------
Melee: Unarmed           |   118 |    91 |   321 |    60 ||   590
       Punch             |     3 |     2 |       |       ||     5
Throw: Javelin           |       |       |    16 |    12 ||    28
Invok: Fiery Armour      |       |     1 |     5 |     2 ||     8
  Use: Potion            |     2 |     2 |     4 |       ||     8
       Scroll            |     1 |     6 |     9 |     1 ||    17
Armor: Robe              |    48 |    19 |    51 |       ||   118
       Acid dragon scale |       |       |    29 |    24 ||    53
Dodge: Dodged            |    57 |    22 |    98 |    23 ||   200
Block: Kite shield       |       |     1 |   114 |    37 ||   152

Table legend:
 A = Non-vault XP
 B = Vault XP
 C = Vault XP percentage of total XP
 D = Non-vault monster count
 E = Vault monster count
 F = Vault count percentage of total count
                 A         B        C        D         E       F
            +---------+---------+-------+---------+---------+-------
      Total |    6337 |    1912 |  23.2 |     160 |      29 |  15.3
            +---------+---------+-------+---------+---------+-------
        D:1 |      48 |       5 |   9.4 |      28 |       2 |   6.7
        D:2 |      62 |      18 |  22.5 |      20 |       4 |  16.7
        D:3 |     159 |     223 |  58.4 |      17 |       1 |   5.6
        D:4 |     246 |     162 |  39.7 |      15 |       4 |  21.1
        D:5 |    1120 |     167 |  13.0 |      23 |       2 |   8.0
        D:6 |     420 |     442 |  51.3 |      11 |       7 |  38.9
        D:7 |    1052 |     434 |  29.2 |      18 |       1 |   5.3
        D:8 |    1621 |     461 |  22.1 |      22 |       8 |  26.7
     Lair:1 |    1609 |       0 |   0.0 |       6 |       0 |   0.0
            +---------+---------+-------+---------+---------+-------
